 Dungeon Crawl Stone Soup version 0.20.0-15-g7f486f2 (webtiles) character file.

824 Jawreze the Changer (level 7, 0/52 HPs)
             Began as a Grey Draconian Transmuter on July 1, 2017.
             Was an Initiate of Kikubaaqudgha.
             Slain by an orc priest
             ... wielding a +0 whip
              (2 damage)
             ... on level 5 of the Dungeon.
             The game lasted 00:34:56 (5574 turns).

Jawreze the Changer (Grey Draconian Transmuter)     Turns: 5574, Time: 00:34:57

Health: 0/52       AC: 11    Str: 13    XL:     7   Next: 64%
Magic:  11/13      EV: 12    Int: 15    God:    Kikubaaqudgha [......]
Gold:   20         SH:  0    Dex: 11    Spells: 4/14 levels left

rFire    . . .     SeeInvis .   r - +0 spear
rCold    . . .     Gourm    .   (no shield)
rNeg     . . .     Faith    .   (armour unavailable)
rPois    .         Spirit   .   (helmet restricted)
rElec    .         Reflect  .   (no cloak)
rCorr    .         Harm     .   (no gloves)
MR       .....                  (no boots)
Stlth    +.........             (no amulet)
Regen    0.2/turn               (no ring)
MPRegen  0.2/turn               (no ring)

@: no status effects
A: walk through water, unfitting armour, unbreathing, cold-blooded, AC +11
a: Renounce Religion


You were on level 5 of the Dungeon.
You worshipped Kikubaaqudgha.
Kikubaaqudgha was noncommittal.
You were not hungry.

You visited 2 branches of the dungeon, and saw 6 of its levels.

You collected 320 gold pieces.
You spent 300 gold pieces at shops.

Inventory:

Hand Weapons
 r - a +0 spear (weapon)
Missiles
 a - 22 arrows
Jewellery
 d - a cursed ring of loudness {unknown}
 w - an uncursed amulet of the gourmand {unknown}
 z - an uncursed ring of stealth {unknown}
Wands
 q - a wand of lightning (6/15)
 y - a wand of flame (28/48)
Scrolls
 f - 2 scrolls of teleportation {unknown}
 j - 3 scrolls of identify {unknown}
 k - 3 scrolls of remove curse {unknown}
 l - a scroll of fear {unknown}
 m - a scroll of immolation {unknown}
 p - 6 scrolls of noise {unknown}
 x - 2 scrolls of random uselessness {unknown}
 B - a scroll of fog {unknown}
Potions
 e - 2 potions of heal wounds {unknown}
 h - 2 potions of resistance {unknown}
 i - 2 potions of might {unknown}
 n - 2 potions of curing
 o - 2 potions of brilliance {unknown}
 s - a potion of lignification {unknown}
 t - a potion of mutation {unknown}
Books
 b - a book of Changes

   Spells                             Type                      Level
   a - Beastly Appendage              Transmutation                1
   b - Sticks to Snakes               Transmutation                2
   c - Spider Form                    Transmutation/Poison         3
   d - Ice Form                       Ice/Transmutation            4
   e - Blade Hands                    Transmutation                5
 A - a book of Necromancy

   Spells                             Type                      Level
   a - Pain                           Necromancy                   1
   b - Animate Skeleton               Necromancy                   1
   c - Vampiric Draining              Necromancy                   3
   d - Regeneration                   Charms/Necromancy            3
   e - Animate Dead                   Necromancy                   4
   f - Control Undead                 Necromancy                   4
Comestibles
 c - 4 bread rations
 g - 3 meat rations
 u - 8 chunks of flesh
 v - a royal jelly


   Skills:
 - Level 1.1 Fighting
 * Level 4.4 Polearms
 - Level 1.7 Dodging
 - Level 3.0 Unarmed Combat
 + Level 4.3 Spellcasting
 * Level 0.4 Necromancy
 + Level 6.0 Transmutations


You had 4 spell levels left.
You knew the following spells:

 Your Spells              Type           Power        Failure   Level  Hunger
a - Beastly Appendage     Tmut           ###...       1%          1    None
b - Sticks to Snakes      Tmut           ###.....     2%          2    ##.....
c - Spider Form           Tmut/Pois      ##........   16%         3    ###....
d - Animate Dead          Necr           N/A          83%         4    ####...


Dungeon Overview and Level Annotations

Branches:
Dungeon (5/15)             Temple (1/1) D:4

Altars:
Cheibriados
Dithmenos
Elyvilon
Fedhas
Gozag
Hepliaklqana
Kikubaaqudgha
Okawaru
Uskayaw
Xom
Beogh

Shops:
D:4 ?:(?:

Annotations:
D:4 Ferkelamun's ghost, amateur DDBe


Innate Abilities, Weirdness & Mutations

You can walk through water.
Your dull iron-grey scales are very hard. (AC +11)
You cannot fit into any form of body armour.
You can survive without breathing.
You are cold-blooded and may be slowed by cold attacks.


Message History

The orc priest completely misses your adder.
You hit the orc priest but do no damage.
The orc priest is severely wounded.
Your adder completely misses the orc priest.
You hit the orc priest but do no damage.
The orc priest is severely wounded.
The orc priest invokes the aid of Beogh against you.
Pain shoots through your body!
* * * LOW HITPOINT WARNING * * *
Your adder closely misses the orc priest.
You hit the orc priest.
Your tail-slap misses the orc priest.
The orc priest is almost dead.
Your adder barely misses the orc priest.
The orc priest casts a cantrip, but nothing happens.
You barely miss the orc priest.
The orc priest is almost dead.
Your adder closely misses the orc priest.
The orc priest hits you with a whip.
You die...
Kikubaaqudgha rasps: "You have failed me!
Welcome... death!"

#..#.. #.# .#######..#.#
.#.# ..........#.# ...
#######...#.###.#
#..S#.....##.#
#######....##..>...#
...........##.######
##########.##.#######..#
#.#..So@.......
#.#..#######.#. #.#$.#
#.#..# #..oo. .#..#
#.#.o# # #..#


You could see an orc priest and a friendly adder.

Vanquished Creatures
  Sigmund (D:2)
  An ogre (D:4)
  A hound (D:4)
  6 orc wizards
  A worker ant (D:5)
  7 gnolls
  An adder (D:3)
  An adder skeleton (D:4)
  A worm (D:3)
  A dart slug (D:1)
  2 leopard geckos (D:4)
  19 orcs
  2 ball pythons
  4 giant cockroaches
  9 goblins
  4 hobgoblins
  9 jackals
  8 kobolds
  A quokka (D:4)
  8 bats
  3 frilled lizards
  A leopard gecko skeleton (D:4)
  4 rats
95 creatures vanquished.

Vanquished Creatures (collateral kills)
  The ghost of Terandir the Shield-Bearer, an amateur MiFi (D:3)
  A centaur skeleton (D:4)
  An orc priest (D:3)
  A worker ant (D:4)
  A gnoll (D:2)
  2 adders
  A worm (D:3)
  2 orcs
  A bat (D:3)
  A jackal (D:3)
12 creatures vanquished.

Grand Total: 107 creatures vanquished

Notes
Turn   | Place    | Note
-------+----------+-------------------------------------------
     0 | D:1      | Jawreze the Draconian Transmuter began the quest for the Orb.
     0 | D:1      | Reached XP level 1. HP: 16/16 MP: 3/3
     2 | D:1      | Noticed a halfling
     2 | D:1      | Noticed a felid
     6 | D:1      | Noticed a naga
     8 | D:1      | Noticed a ghoul
     8 | D:1      | Noticed a gargoyle
    10 | D:1      | Noticed a demigod
    10 | D:1      | Noticed a spriggan
    12 | D:1      | Noticed a tengu
    12 | D:1      | Noticed an octopode
    14 | D:1      | Noticed a merfolk
    14 | D:1      | Noticed a centaur
    16 | D:1      | Noticed a troll
    16 | D:1      | Noticed a vampire
    18 | D:1      | Noticed a human
    18 | D:1      | Noticed a vine stalker
    20 | D:1      | Noticed an elf
    20 | D:1      | Noticed a minotaur
    22 | D:1      | Noticed a dwarf
    22 | D:1      | Noticed a demonspawn
    24 | D:1      | Noticed a draconian
    24 | D:1      | Noticed an ogre
    26 | D:1      | Noticed a formicid
   224 | D:1      | Reached XP level 2. HP: 21/23 MP: 5/5
   436 | D:1      | Reached skill level 3 in Transmutations
   477 | D:1      | Learned a level 2 spell: Sticks to Snakes
   511 | D:1      | Reached XP level 3. HP: 24/28 MP: 1/6
   971 | D:2      | Noticed Sigmund
  1190 | D:2      | Learned a level 3 spell: Spider Form
  1377 | D:2      | Killed Sigmund
  1377 | D:2      | Reached skill level 4 in Transmutations
  1377 | D:2      | Reached XP level 4. HP: 17/35 MP: 5/9
  1377 | D:2      | Reached XP level 5. HP: 19/40 MP: 5/10
  1566 | D:2      | Reached skill level 5 in Transmutations
  2480 | D:3      | Reached skill level 1 in Polearms
  2480 | D:3      | Reached XP level 6. HP: 47/47 MP: 8/11
  2909 | D:3      | Found a blossoming altar of Fedhas.
  3075 | D:3      | Found a roughly hewn altar of Beogh.
  3394 | D:3      | Noticed Terandir's ghost (amateur MiFi)
  3422 | D:3      | Killed Terandir's ghost
  3857 | D:4      | Found Cifeth's Book Emporium.
  3925 | D:4      | Your scales start taking on a dull iron-grey colour.
  3925 | D:4      | Reached XP level 7. HP: 26/52 MP: 9/13
  3925 | D:4      | Gained mutation: You can survive without breathing. [Grey Draconian growth]
  3949 | D:4      | Found Iciomi's Book Emporium.
  3949 | D:4      | Noticed Ferkelamun's ghost (amateur DDBe)
  4255 | D:4      | Found Yficykiu's Magic Scroll Shop.
  4532 | D:4      | Found Igivant Sywa's Weapon Emporium.
  5040 | D:4      | Found a staircase to the Ecumenical Temple.
  5045 | Temple   | Entered the Ecumenical Temple
  5147 | Temple   | Became a worshipper of Kikubaaqudgha
  5348 | D:4      | Found Xyal's Magic Scroll Emporium.
  5385 | D:4      | Reached skill level 6 in Transmutations
  5400 | D:4      | Bought a book of Necromancy for 300 gold pieces
  5405 | D:4      | Learned a level 4 spell: Animate Dead
  5475 | D:5      | Entered Level 5 of the Dungeon
  5572 | D:5      | HP: 2/52 [orc priest/nerve-wracking pain (14)]
  5574 | D:5      | Slain by an orc priest

Skill      XL: |  1  2  3  4  5  6  7 |
---------------+----------------------+-----
Transmutations | 3 4 5 6 |  6.0
Spellcasting   | 3 4 |  4.3
Polearms       | 1 3 4 |  4.4
Fighting       | |  1.1
Dodging        | |  1.7
Unarmed Combat | |  3.0
Necromancy     | |  0.4

Action                   |  1- 3 |  4- 6 |  7- 9 || total
-------------------------+-------+-------+-------++-------
Melee: Unarmed           |   133 |    69 |    70 ||   272
       Tailslap          |    14 |    10 |     9 ||    33
       Punch             |     1 |     3 |     4 ||     8
       Headbutt          |     4 |       |       ||     4
       Kick              |     2 |     2 |       ||     4
       Spear             |       |   114 |    98 ||   212
 Cast: Beastly Appendage |    18 |     2 |       ||    20
       Sticks to Snakes  |     5 |    19 |     9 ||    33
       Spider Form       |     1 |     5 |     7 ||    13
 Stab: Sleeping          |     1 |       |       ||     1
       Distracted        |     1 |     1 |     3 ||     5
  Eat: Chunk             |     2 |     8 |     7 ||    17
       Royal jelly       |       |     1 |       ||     1
Armor: Skin              |    47 |    57 |    27 ||   131
Dodge: Dodged            |   117 |   119 |    89 ||   325
